 Dungeon Crawl Stone Soup version 0.29-a0-234-g0dae59b3db (webtiles) character file.

Game seed: 5835747692926991628

91 sanka the Ducker (level 4, -2/41 HPs)
             Began as a Gnoll Monk on Mar 3, 2022.
             Was a Priest of Makhleb.
             Slain by an orc wizard
             ... wielding a +0 dagger
              (3 damage)
             ... on level 3 of the Dungeon.
             The game lasted 00:02:45 (2394 turns).

sanka the Ducker (Gnoll Monk)                       Turns: 2394, Time: 00:02:46

Health: -2/41      AC:  2    Str: 13    XL:     4   Next: 59%
Magic:  5/5        EV: 15    Int: 13    God:    Makhleb [***...]
Gold:   125        SH:  0    Dex: 14    Spells: 5/5 levels left

rFire   . . .      SeeInvis .   n - +2 dagger (drain)
rCold   . . .      Faith    .   (no shield)
rNeg    . . .      Spirit   .   p - +0 robe of Gravity {Int+4}
rPois   .          Reflect  .   (no helmet)
rElec   .          Harm     .   (no cloak)
rCorr   .          Rampage  .   (no gloves)
Will    .....                   (no boots)
Stlth   +++.......              q - amulet of the acrobat
HPRegen 0.13/turn               (no ring)
MPRegen 0.09/turn               (no ring)

@: no status effects
A: fangs 1, strong nose, distributed training
a: Renounce Religion, Minor Destruction, Lesser Servant of Makhleb


You were on level 3 of the Dungeon.
You worshipped Makhleb.
Makhleb was most pleased with you.
You visited 1 branch of the dungeon, and saw 3 of its levels.

You collected 125 gold pieces.


Innate Abilities, Weirdness & Mutations

You have very sharp teeth.
Your uncanny sense of smell can sniff out nearby items.
Your experience applies equally to all skills.


   Skills:
 + Level 6.6 Fighting
 + Level 1.2 Short Blades
 + Level 1.2 Long Blades
 + Level 6.6 Axes
 + Level 1.2 Maces & Flails
 + Level 1.2 Polearms
 + Level 1.2 Staves
 + Level 1.2 Slings
 + Level 1.2 Bows
 + Level 1.2 Crossbows
 + Level 1.2 Throwing
 + Level 1.2 Armour
 + Level 6.6 Dodging
 + Level 4.3 Stealth
 + Level 1.2 Shields
 + Level 1.2 Unarmed Combat
 + Level 1.2 Spellcasting
 + Level 1.0 Conjurations
 + Level 1.0 Hexes
 + Level 1.0 Summonings
 + Level 1.0 Necromancy
 + Level 1.0 Translocations
 + Level 1.0 Transmutations
 + Level 1.0 Fire Magic
 + Level 1.0 Ice Magic
 + Level 1.0 Air Magic
 + Level 1.0 Earth Magic
 + Level 1.0 Poison Magic
 + Level 1.3 Invocations
 + Level 1.2 Evocations


You had 5 spell levels left.
You didn't know any spells.
Your spell library was empty.

Inventory:

Hand Weapons
 a - a +0 hand axe
 n - a +2 dagger of draining (weapon)
Armour
 b - a +0 robe
 p - the +0 robe of Gravity (worn) {Int+4}

   Int:       It affects your intelligence (+4).
Jewellery
 q - an amulet of the acrobat (around neck)
Scrolls
 c - 2 scrolls of fear {unknown}
 f - 2 scrolls of fog {unknown}
 g - 5 scrolls of identify {unknown}
 i - 3 scrolls of enchant armour {unknown}
 k - a scroll of noise {unknown}
 m - a scroll of blinking {unknown}
 o - a scroll of teleportation {unknown}
Potions
 d - a potion of curing {unknown}
 e - a potion of lignification {unknown}
 h - a potion of haste {unknown}
 j - a potion of invisibility {unknown}
 l - a potion of might {unknown}

Dungeon Overview and Level Annotations

Branches:
Dungeon (3/15)

Altars:
Makhleb

▒▒▒▒▒▒▒▒▒
▒▒<......?
▒▒.▒.▒▒▒▒▒▒
▒▒▒▒▒▒▒▒.▒▒▒....▒.
......)..†▒...?...
.▒▒▒▒▒▒▒▒▒..▒▒▒...
▒▒.▒▒ ▒..▒ ▒..
......▒▒▒▒▒▒..▒▒.▒
. ▒..g{))))...▒
▒▒▒▒▒▒▒▒..▒▒.▒
▒..▒ ▒ ▒....
▒.▒▒▒▒ ▒.▒ ▒.▒ ∆
... .▒. ∆


There were no monsters in sight!


Message History

Your Summonings skill increases to level 1!
Your Necromancy skill increases to level 1!
Your Translocations skill increases to level 1!
Your Transmutations skill increases to level 1!
Your Fire Magic skill increases to level 1!
Your Ice Magic skill increases to level 1!
Your Air Magic skill increases to level 1!
Your Earth Magic skill increases to level 1!
Your Poison Magic skill increases to level 1!
Unknown command.
The stone arrow hits something!
You hear some strange, mumbled words.
A magic dart appears from out of thin air!
The magic dart hits you!
* * * LOW HITPOINT WARNING * * *
The puff of flame hits the orc.
The orc is severely wounded.
Something hits you but does no damage.
The puff of flame hits something.
Something hits you.
* * * LOW HITPOINT WARNING * * *
The zap hits the orc.
You kill the orc!
Makhleb accepts your kill. Something hits you.
* * * LOW HITPOINT WARNING * * *
You can't see any hostile targets in range.
You hit something but do no damage. Something hits you.
You die...

Action                   |  1- 3 |  4- 6 || total
-------------------------+-------+-------++-------
Melee: Hand axe          |    80 |       ||    80
       Bite              |     9 |     2 ||    11
       Dagger            |     4 |    39 ||    43
Invok: Minor Destruction |    21 |     4 ||    25
 Stab: Sleeping          |     9 |     3 ||    12
Armor: Robe              |    16 |     8 ||    24
Dodge: Dodged            |    77 |    31 ||   108

Levels and vault maps discovered:
D:1:      dpeg_arrival_rooms_with_view, layout_basic,
          nicolae_ecumenical_snake_handling
D:2:      layout_basic, minmay_tree_intersection
D:3:      layout_loops_ring, nicolae_overflow_ecumenical_swirl,
          serial_park_tiny_2, uniq_terence, uniq_sigmund

Notes
Turn   | Place    | Note
-------+----------+-------------------------------------------
     0 | D:1      | sanka the Gnoll Monk began the quest for the Orb.
     0 | D:1      | Reached XP level 1. HP: 23/23 MP: 1/1
    46 | D:1      | Reached XP level 2. HP: 9/29 MP: 2/2
   838 | D:1      | Found a faded altar of an unknown god.
   862 | D:1      | Prayed at the altar of an unknown god.
   862 | D:1      | Became a worshipper of Makhleb the Destroyer
   862 | D:1      | Reached * piety under Makhleb
   862 | D:1      | Reached ** piety under Makhleb
   894 | D:1      | Reached XP level 3. HP: 34/35 MP: 3/3
  1455 | D:2      | Reached *** piety under Makhleb
  1485 | D:2      | Reached skill level 1 in Invocations
  1642 | D:2      | Reached skill level 1 in Short Blades
  1642 | D:2      | Reached skill level 1 in Long Blades
  1642 | D:2      | Reached skill level 1 in Maces & Flails
  1642 | D:2      | Reached skill level 1 in Polearms
  1642 | D:2      | Reached skill level 1 in Staves
  1642 | D:2      | Reached skill level 1 in Slings
  1642 | D:2      | Reached skill level 1 in Bows
  1642 | D:2      | Reached skill level 1 in Crossbows
  1642 | D:2      | Reached skill level 1 in Throwing
  1642 | D:2      | Reached skill level 1 in Armour
  1642 | D:2      | Reached skill level 1 in Shields
  1642 | D:2      | Reached skill level 1 in Unarmed Combat
  1642 | D:2      | Reached skill level 1 in Spellcasting
  1642 | D:2      | Reached skill level 1 in Evocations
  1885 | D:2      | Reached XP level 4. HP: 41/41 MP: 5/5
  2228 | D:2      | Identified the +0 robe of Gravity {Int+4}
  2390 | D:3      | Reached skill level 1 in Conjurations
  2390 | D:3      | Reached skill level 1 in Hexes
  2390 | D:3      | Reached skill level 1 in Summonings
  2390 | D:3      | Reached skill level 1 in Necromancy
  2390 | D:3      | Reached skill level 1 in Translocations
  2390 | D:3      | Reached skill level 1 in Transmutations
  2390 | D:3      | Reached skill level 1 in Fire Magic
  2390 | D:3      | Reached skill level 1 in Ice Magic
  2390 | D:3      | Reached skill level 1 in Air Magic
  2390 | D:3      | Reached skill level 1 in Earth Magic
  2390 | D:3      | Reached skill level 1 in Poison Magic
  2392 | D:3      | HP: 2/41 [something (2)]
  2394 | D:3      | Slain by an orc wizard

Vanquished Creatures
  4 adders
  4 orcs (D:3)
  4 ball pythons
  5 endoplasms
  A giant cockroach (D:1)
  5 goblins
  A hobgoblin (D:1)
  4 jackals (D:1)
  10 bats
  A frilled lizard (D:2)
  6 kobolds
  6 rats
51 creatures vanquished.
